 Dungeon Crawl Stone Soup version 0.31-a0-618-g7ca08c1ff9 (webtiles) character file.

Game seed: 1390194390193014629

19 Maratek the Trooper (level 2, 0/25 HPs)
             Began as a Barachi Fighter on Aug 22, 2023.
             Slain by Sigmund
             ... wielding a +0 scythe
              (2 damage)
             ... on level 2 of the Dungeon.
             The game lasted 00:01:25 (676 turns).

Maratek the Trooper (Barachi Fighter)                Turns: 676, Time: 00:01:26

Health: 0/25       AC:  8    Str: 17    XL:     2   Next: 75%
Magic:  2/2        EV:  9    Int:  8    God:
Gold:   84         SH:  4    Dex: 11    Spells: 1/1 levels left

rFire   . . .        a - +0 long sword
rCold   . . .        c - +0 buckler
rNeg    . . .        b - +0 scale mail
rPois   .            e - +0 helmet
rElec   .            (no cloak)
rCorr   .            (no gloves)
SInv    .            (no boots)
Will    .....        (no amulet) Stlth
                     (no ring)
HPRegen 0.24/turn    (no ring)
MPRegen 0.08/turn

%: no passive effects
@: lethally poisoned (0 -> 0), slow
A: amphibious, slowness 1, strong legs 1, +LOS
a: Hop


You were on level 2 of the Dungeon.
You visited 1 branch of the dungeon, and saw 2 of its levels.

You collected 84 gold pieces.

Inventory:

Hand Weapons
 a - a +0 long sword (weapon)
Armour
 b - a +0 scale mail (worn)
 c - a +0 buckler (worn)
 e - a +0 helmet (worn)
Potions
 d - a potion of might


   Skills:
 + Level 4.2 Fighting
 + Level 2.7 Long Blades
 + Level 3.8 Armour
 + Level 3.4 Shields


You had one spell level left.
You didn't know any spells.
Your spell library contained the following spells:

 Spells                   Type           Power      Damage    Failure   Level
 Wereblood                Tmut           0%         N/A       95%         2
 Irradiate                Conj/Tmut      0%         3d11      100%        5


Dungeon Overview and Level Annotations

Branches:
Dungeon (2/15)

Altars:

Annotations:
D:2 Sigmund


Innate Abilities, Weirdness & Mutations

You are amphibious.
You cover ground slowly.
You can hop short distances.
You have an extended range of vision and can be seen from far away.


Message History

Sigmund barely misses you. The adder bites you. The endoplasm freezes you.
You are frozen.
You are too injured to fight recklessly!
You are too injured to fight recklessly!
You are too injured to fight recklessly!
You are too injured to fight recklessly!
You are too injured to fight recklessly!
You are too injured to fight recklessly!
You are too injured to fight recklessly!
You are too injured to fight recklessly!
The bat hits you but does no damage.
Sigmund giggles. "Time to reap what you sow."
The bat hits you but does no damage. The bat attacks as it pursues you!
The bat closely misses you. The bat barely misses you.
Sigmund gestures wildly while chanting.
Sigmund flickers and vanishes!
Deactivating autopickup; reactivate with Ctrl-A.
The bat attacks as it pursues you! The bat hits you but does no damage.
The bat completely misses you. The adder bites you but does no damage.
An adder comes into view.
The adder hisses angrily.
The adder bites you. The adder barely misses you.
The adder attacks as it pursues you! You block the adder's attack.
You hit the adder.
The adder is moderately wounded.
The adder bites you.
You are poisoned.
The adder poisons you! The adder barely misses you. x3
You hit the adder but do no damage.
The adder is moderately wounded.
You feel sick.
The adder closely misses you. x2; Something hits you.
* * * LOW HITPOINT WARNING * * *
The adder closely misses you. The adder bites you but does no damage.
You closely miss the adder.
The adder is moderately wounded.
You feel sick.
The adder bites you but does no damage. x2; Something hits you.
You die...

#.........#
#.###.#.#.####
#.# #.........
###.###.†...#
#...........#
#.#.#.#.....#
#.#.#.#.<...#
#.#.#.##..###
#.#bS@S...#
#.#{####.##
#.#.# #.#
#.#.####.#
#........#
###.##.###
#.........#
#............+
#..##.#....###


You could see 2 adders and a bat.

Vanquished Creatures
  A bat (D:2)
  3 giant cockroaches (D:1)
  2 goblins (D:1)
  2 hobgoblins (D:1)
  3 kobolds (D:1)
  A quokka (D:1)
  A ball python (D:1)
  A frilled lizard (D:1)
  3 rats (D:1)
  A spectral goblin (D:1)
18 creatures vanquished.

Notes
Turn   | Place    | Note
-------+----------+-------------------------------------------
     0 | D:1      | Maratek the Barachi Fighter began the quest for the Orb.
     0 | D:1      | Reached XP level 1. HP: 18/18 MP: 1/1
    51 | D:1      | Reached skill level 4 in Fighting
    51 | D:1      | Reached XP level 2. HP: 23/25 MP: 2/2
   263 | D:1      | Found a faded altar of an unknown god.
   663 | D:2      | Noticed Sigmund
   676 | D:2      | Slain by Sigmund

Illustrated notes

Levels and vault maps discovered:
D:1:      wander_arrival_estate, layout_rooms,
          dreamdust_ecumenical_altar_drowned_temple, minmay_hedge_maze
D:2:      layout_loops_corners, uniq_natasha, uniq_sigmund

Skill      XL: |  1 |
---------------+----+-----
Fighting       | 4 |  4.2
Long Blades    | |  2.7
Armour         | |  3.8
Shields        | |  3.4

Action                     || total
---------------------------++-------
  Melee: Long sword        ||   234
 Armour: Scale mail        ||    58
  Dodge: Dodged            ||    59
  Block: Buckler           ||    22

Table legend: (Time is in decaauts)
 A = Elapsed time spent in this place.
 B = Non-inter-level travel time spent in this place.
 C = Inter-level travel time spent in this place.
 D = Time resting spent in this place.
 E = Time spent auto-exploring this place.
 F = Levels seen in this place.
 G = Mean time per level.
                   A        B        C        D        E       F      G
               +--------+--------+--------+--------+--------+-----+--------+
         Total |    827 |    801 |     26 |      0 |    382 |   2 |  413.5 |
       Dungeon |    827 |    801 |     26 |      0 |    382 |   2 |  413.5 |
               +--------+--------+--------+--------+--------+-----+--------+

Top non-repeatable levels by time:
     D:1: 764 daAuts
     D:2: 63 daAuts
